 Dungeon Crawl Stone Soup version 0.23-a0-307-gc3b755d (webtiles) character file.

48 iamserjio the Ruffian (level 3, 31/31 HPs)
             Began as a Naga Transmuter on Oct 10, 2018.
             Quit the game on level 2 of the Dungeon.
             The game lasted 00:03:16 (532 turns).

iamserjio the Ruffian (Naga Transmuter)              Turns: 532, Time: 00:03:17

Health: 31/31      AC:  2    Str: 12    XL:     3   Next: 72%
Magic:  6/6        EV: 10    Int: 14    God:
Gold:   44         SH:  0    Dex: 11    Spells: 3/6 levels left

rFire    . . .     SeeInvis +     - Unarmed
rCold    . . .     Gourm    .   (no shield)
rNeg     . . .     Faith    .   b - +0 robe
rPois    +         Spirit   .   (no helmet)
rElec    .         Reflect  .   (no cloak)
rCorr    .         Harm     .   (no gloves)
MR       .....                  (no barding)
Stlth    +.........             (no amulet)
HPRegen  0.10/turn              (no ring)
MPRegen  0.10/turn              (no ring)

@: very slow
A: large, see invisible, deformed body, poison resistance, slowness 2, slow
metabolism 1, spit poison 1, AC +1
a: Spit Poison


You were on level 2 of the Dungeon.
You were not hungry.

You visited 1 branch of the dungeon, and saw 2 of its levels.

You collected 44 gold pieces.

Inventory:

Missiles
 a - 62 arrows
Armour
 b - a +0 robe (worn)
 c - a +2 leather armour of fire resistance
Scrolls
 e - a scroll of teleportation {unknown}
Comestibles
 d - 3 rations
 f - 3 chunks of flesh


   Skills:
 - Level 1.0 Fighting
 - Level 1.5 Dodging
 + Level 3.5 Unarmed Combat
 - Level 2.0 Spellcasting
 * Level 3.4 Transmutations


You had 3 spell levels left.
You knew the following spells:

 Your Spells              Type           Power        Failure   Level  Hunger
a - Beastly Appendage     Tmut           ##....       6%          1    ##.....
b - Sticks to Snakes      Tmut           ##......     9%          2    ###....

Your spell library contained the following spells:

 Spells                   Type           Power        Failure   Level  Hunger
 Spider Form              Tmut/Pois      #.........   34%         3    ####...
 Ice Form                 Ice/Tmut       #.......     75%         4    #####..
 Blade Hands              Tmut           ##........   86%         5    ######.


Dungeon Overview and Level Annotations

Branches:
Dungeon (2/15)

Altars:


Innate Abilities, Weirdness & Mutations

You cannot wear boots.
Your serpentine skin is tough. (AC +1)
You have supernaturally acute eyesight. (SInv)
Armour fits poorly on your strangely shaped body.
Your system is resistant to poisons. (rPois)
You cover ground very slowly.
You have a slow metabolism.
You can spit poison.


Message History

You hit the kobold.
You kill the kobold!
Aim: a worm The splash of poison hits the worm.
The worm is poisoned.
You feel slightly more hungry.
You hit the worm. You barely miss the worm. The worm barely misses you.
You hit the worm but do no damage. You hit the worm but do no damage.
The worm bites you.
You hit the worm. The worm completely misses you.
You hit the worm.
You have got your breath back.
You hit the worm.
You kill the worm!
You see here a worm corpse.
Found a robe.
Found a stone staircase leading up.
Some of the chunks of flesh in your inventory have rotted away.
You see here a robe.
Found 9 gold pieces.

.#.####.#.#.......#.#######
............#..#...........
#.####.#.........#.#######
#.####.#..###.####.# #
#..<......# #... ..#
#.......#.# ########
#.#####.[.# # ###.## #.@.#
##.## #.# #.# #.# #.# #.$
###


There were no monsters in sight!

Vanquished Creatures
  2 adders (D:2)
  A worm (D:2)
  2 dart slugs (D:2)
  2 ball pythons (D:2)
  2 bats (D:1)
  2 goblins (D:1)
  3 hobgoblins
  2 jackals (D:1)
  5 frilled lizards
  3 kobolds
  A rat (D:1)
25 creatures vanquished.

Notes
Turn   | Place    | Note
-------+----------+-------------------------------------------
     0 | D:1      | iamserjio the Naga Transmuter began the quest for the Orb.
     0 | D:1      | Reached XP level 1. HP: 18/18 MP: 3/3
   110 | D:1      | Reached XP level 2. HP: 25/25 MP: 3/5
   326 | D:2      | Learned a level 2 spell: Sticks to Snakes
   354 | D:2      | Reached XP level 3. HP: 31/31 MP: 4/6
   532 | D:2      | Quit the game

Vault maps used:
D:1:      ncdulo_lavacross, palyth_stone_intersect
D:2:      first_ration, minmay_close_crescents

Skill      XL: |  1  2 |
---------------+-------+-----
Transmutations | 3 |  3.4
Fighting       | |  1.0
Dodging        | |  1.5
Unarmed Combat | |  3.5
Spellcasting   | |  2.0

Action                   || total
-------------------------++-------
Melee: Unarmed           ||    63
       Headbutt          ||     2
       Punch             ||     2
 Cast: Beastly Appendage ||     2
 Abil: Spit Poison       ||    12
Armor: Robe              ||     8
Dodge: Dodged            ||    37

Table legend:
 A = Non-vault XP
 B = Vault XP
 C = Vault XP percentage of total XP
 D = Non-vault monster count
 E = Vault monster count
 F = Vault count percentage of total count
                 A         B        C        D         E       F
            +---------+---------+-------+---------+---------+-------
      Total |      69 |       0 |   0.0 |      25 |       0 |   0.0
            +---------+---------+-------+---------+---------+-------
        D:1 |      21 |       0 |   0.0 |      14 |       0 |   0.0
        D:2 |      48 |       0 |   0.0 |      11 |       0 |   0.0
            +---------+---------+-------+---------+---------+-------
